MLB
ATLANTA BRAVES @ CHICAGO CUBS
09/12/2048
 
TOP OF THE 1ST
Atlanta Braves batting - Pitching for Chicago Cubs : RHP Chris Perretta
Pitching: RHP Chris Perretta
Batting: RHB Yasuhide Kasahara 0-0: Foul Ball, location: 2F
0-1: Ball
1-1: Foul Ball, location: 2F
1-2: Ball
2-2: Ball
3-2: Base on Balls
Batting: LHB Erik Gretzky 0-0: Ball
1-0: Foul Ball, location: 2F
1-1: Ball
2-1: Ball
3-1: Base on Balls
Yasuhide Kasahara to second
Batting: RHB Jeckel Hester 0-0: Called Strike
0-1: Ball
1-1: Ball
2-1: Grounds into double play, 5-4-3 (Groundball, 56, EV 105.0 MPH)
Yasuhide Kasahara to third
Batting: RHB Ike Trout 0-0: Ball
1-0: Foul Ball, location: 2F
1-1: Fly out, F7 (Flyball, 7D, EV 86.9 MPH)
Top of the 1st over - 0 runs, 0 hits, 0 errors, 1 left on base; Atlanta 0 - Chicago 0
BOTTOM OF THE 1ST
Chicago Cubs batting - Pitching for Atlanta Braves : RHP Troy Baker
Pitching: RHP Troy Baker
Batting: RHB David Casas 0-0: Ball
1-0: Ball
2-0: Ball
3-0: Base on Balls
Batting: RHB Josh Kalman 0-0: Foul Ball, location: 2F
0-1: Ball
1-1: Ball
2-1: Foul Ball, location: 2F
2-2: Strikes out swinging
Batting: RHB Efrain Vargas 0-0: Called Strike
0-1: Swinging Strike
0-2: Ball
1-2: Fly out, F7 (Line Drive, 78M, EV 90.6 MPH)
Batting: LHB Kevin Norton 0-0: Swinging Strike
0-1: Fly out, F8 (Line Drive, 8RD, EV 101.9 MPH)
Bottom of the 1st over - 0 runs, 0 hits, 0 errors, 1 left on base; Atlanta 0 - Chicago 0
TOP OF THE 2ND
Atlanta Braves batting - Pitching for Chicago Cubs : RHP Chris Perretta
Batting: RHB Erik Coleman 0-0: Ball
1-0: Called Strike
1-1: Fly out, F8 (Flyball, 8LM, EV 90.6 MPH)
Batting: LHB Evan Torraville 0-0: Ball
1-0: SOLO HOME RUN (Flyball, 9LD, EV 105.0 MPH), Distance : 389 ft
Batting: RHB Liangde Li 0-0: Foul Ball, location: 2F
0-1: Ball
1-1: Ball
2-1: Ball
3-1: Base on Balls
Batting: RHB Cody Flowers 0-0: Ball
1-0: Ball
Liangde Li steals 2nd base
2-0: Foul Ball, location: 2F
2-1: Foul Ball, location: 2F
2-2: Strikes out swinging
Batting: RHB Tade Post 0-0: Ground out 6-3 (Groundball, 6, EV 78.8 MPH)
Top of the 2nd over - 1 run, 1 hit, 0 errors, 1 left on base; Atlanta 1 - Chicago 0
BOTTOM OF THE 2ND
Chicago Cubs batting - Pitching for Atlanta Braves : RHP Troy Baker
Batting: RHB Steve Bartman Jr. 0-0: Called Strike
0-1: Foul Ball, location: 2F
0-2: Ball
1-2: Ground out 6-3 (Groundball, 6, EV 104.4 MPH)
Batting: SHB Moe Lester 0-0: Ball
1-0: Fly out, F4 (Popup, 4S, EV 71.2 MPH)
Batting: RHB Xavier Davis 0-0: SOLO HOME RUN (Flyball, 7LD, EV 103.8 MPH), Distance : 390 ft
Batting: RHB Alan Oxenrider 0-0: Ball
1-0: Swinging Strike
1-1: Called Strike
1-2: Strikes out swinging
Bottom of the 2nd over - 1 run, 1 hit, 0 errors, 0 left on base; Atlanta 1 - Chicago 1
TOP OF THE 3RD
Atlanta Braves batting - Pitching for Chicago Cubs : RHP Chris Perretta
Batting: RHB Yasuhide Kasahara 0-0: Ball
1-0: Ball
2-0: Ball
3-0: Called Strike
3-1: Swinging Strike
3-2: Strikes out looking
Batting: LHB Erik Gretzky 0-0: SINGLE (Groundball, 6D, EV 104.4 MPH)
Batting: RHB Jeckel Hester 0-0: Called Strike
0-1: Foul Ball, location: 2F
0-2: Strikes out looking
Batting: RHB Ike Trout 0-0: Ball
Erik Gretzky steals 2nd base
1-0: Ball
2-0: Ground out 5-3 (Groundball, 56, EV 85.0 MPH)
Top of the 3rd over - 0 runs, 1 hit, 0 errors, 1 left on base; Atlanta 1 - Chicago 1
BOTTOM OF THE 3RD
Chicago Cubs batting - Pitching for Atlanta Braves : RHP Troy Baker
Batting: SHB Gabriel Cruz 0-0: Ball
1-0: Ball
2-0: Ground out 5-3 (Groundball, 56, EV 79.4 MPH)
Batting: RHB David Casas 0-0: Ball
1-0: Called Strike
1-1: Swinging Strike
1-2: Foul Ball, location: 2F
1-2: Ball
2-2: SINGLE (Flyball, 3D, EV 98.8 MPH)
Batting: RHB Josh Kalman 0-0: Called Strike
0-1: Swinging Strike
0-2: Fielders Choice at 2nd, 6-4 (Groundball, 6MD, EV 89.4 MPH)
Batting: RHB Efrain Vargas 0-0: Ball
1-0: Ball
2-0: Called Strike
2-1: Ball
3-1: Base on Balls
Josh Kalman to second
Batting: LHB Kevin Norton 0-0: Ball
1-0: Ball
2-0: Swinging Strike
2-1: Ball
3-1: Swinging Strike
3-2: Strikes out swinging
Bottom of the 3rd over - 0 runs, 1 hit, 0 errors, 2 left on base; Atlanta 1 - Chicago 1
TOP OF THE 4TH
Atlanta Braves batting - Pitching for Chicago Cubs : RHP Chris Perretta
Batting: RHB Erik Coleman 0-0: Ball
1-0: Ball
2-0: Ball
3-0: Base on Balls
Batting: LHB Evan Torraville 0-0: Called Strike
0-1: Ball
1-1: Ball
2-1: Sac Bunt to 25 - play at second, runner OUT! 1-6
Batting: RHB Liangde Li 0-0: Foul Ball, location: 2F
0-1: Ball
1-1: Ball
2-1: Foul Ball, location: 2F
2-2: Foul Ball, location: 2F
2-2: TRIPLE (Flyball, 89XD, EV 106.9 MPH)
Evan Torraville scores
Batting: RHB Cody Flowers 0-0: Called Strike
0-1: Ball
1-1: Called Strike
1-2: Strikes out swinging
Batting: RHB Tade Post 0-0: Ball
1-0: Called Strike
1-1: Swinging Strike
1-2: SINGLE (Line Drive, 56D, EV 94.4 MPH)
Liangde Li scores
Batting: RHB Yasuhide Kasahara 0-0: Ball
1-0: Ball
2-0: Fly out, F9 (Flyball, 89M, EV 90.0 MPH)
Top of the 4th over - 2 runs, 2 hits, 0 errors, 1 left on base; Atlanta 3 - Chicago 1
BOTTOM OF THE 4TH
Chicago Cubs batting - Pitching for Atlanta Braves : RHP Troy Baker
Batting: RHB Steve Bartman Jr. 0-0: Called Strike
0-1: Foul Ball, location: 2F
0-2: Strikes out swinging
Batting: SHB Moe Lester 0-0: Called Strike
0-1: Ball
1-1: Fly out, F9 (Line Drive, 89M, EV 90.6 MPH)
Batting: RHB Xavier Davis 0-0: Ball
1-0: Foul Ball, location: 2F
1-1: DOUBLE (Flyball, 8RXD, EV 101.2 MPH)
Batting: RHB Alan Oxenrider 0-0: Ball
1-0: Ball
2-0: Ball
3-0: Foul Ball, location: 2F
3-1: Base on Balls
Batting: SHB Gabriel Cruz 0-0: Called Strike
0-1: Ball
1-1: Fly out, F7 (Flyball, 78S, EV 85.0 MPH)
Bottom of the 4th over - 0 runs, 1 hit, 0 errors, 2 left on base; Atlanta 3 - Chicago 1
TOP OF THE 5TH
Atlanta Braves batting - Pitching for Chicago Cubs : RHP Chris Perretta
Batting: LHB Erik Gretzky 0-0: Ground out U3 (Groundball, 34, EV 90.0 MPH)
Batting: RHB Jeckel Hester 0-0: Called Strike
0-1: Ball
1-1: Called Strike
1-2: Ground out 1-3 (Groundball, 15S, EV 68.8 MPH)
Batting: RHB Ike Trout 0-0: Swinging Strike
0-1: Foul Ball, location: 2F
0-2: Ball
1-2: Ball
2-2: Foul Ball, location: 2F
2-2: Strikes out looking
Top of the 5th over - 0 runs, 0 hits, 0 errors, 0 left on base; Atlanta 3 - Chicago 1
BOTTOM OF THE 5TH
Chicago Cubs batting - Pitching for Atlanta Braves : RHP Troy Baker
Batting: RHB David Casas 0-0: Called Strike
0-1: Foul Ball, location: 2F
0-2: Foul Ball, location: 2F
0-2: Strikes out swinging
Batting: RHB Josh Kalman 0-0: DOUBLE (Groundball, 5L, EV 111.2 MPH)
Batting: RHB Efrain Vargas 0-0: Ball
1-0: Ball
2-0: Ball
3-0: Called Strike
3-1: Foul Ball, location: 2F
3-2: Foul Ball, location: 2F
3-2: Base on Balls
Batting: LHB Kevin Norton 0-0: Ball
1-0: Ball
2-0: 3-RUN HOME RUN (Line Drive, 89XD, EV 110.6 MPH), Distance : 400 ft
Batting: RHB Steve Bartman Jr. 0-0: Ball
1-0: Fly out, F6 (Line Drive, 6, EV 69.4 MPH)
Batting: SHB Moe Lester 0-0: Ball
1-0: Ball
2-0: Called Strike
2-1: Foul Ball, location: 2F
2-2: Strikes out swinging
Bottom of the 5th over - 3 runs, 2 hits, 0 errors, 0 left on base; Atlanta 3 - Chicago 4
TOP OF THE 6TH
Atlanta Braves batting - Pitching for Chicago Cubs : RHP Chris Perretta
Batting: RHB Erik Coleman 0-0: Ball
1-0: Foul Ball, location: 2F
1-1: Ball
2-1: Called Strike
2-2: Ball
3-2: Fly out, F8 (Line Drive, 8RM, EV 100.6 MPH)
Batting: LHB Evan Torraville 0-0: Swinging Strike
0-1: Ball
1-1: SINGLE (Line Drive, 9S, EV 104.4 MPH)
Batting: RHB Liangde Li 0-0: Called Strike
0-1: Ball
1-1: Foul Ball, location: 2F
1-2: Strikes out swinging
Batting: RHB Cody Flowers 0-0: Ball
1-0: Ball
Evan Torraville is caught stealing 2nd base 2-4
Top of the 6th over - 0 runs, 1 hit, 0 errors, 0 left on base; Atlanta 3 - Chicago 4
BOTTOM OF THE 6TH
Chicago Cubs batting - Pitching for Atlanta Braves : RHP Troy Baker
Batting: RHB Xavier Davis 0-0: DOUBLE (Flyball, 78XD, EV 116.9 MPH)
Batting: RHB Alan Oxenrider 0-0: Fly out, F8 (Flyball, 89S, EV 83.1 MPH)
Batting: SHB Gabriel Cruz 0-0: Called Strike
0-1: Ball
1-1: Ball
2-1: Foul Ball, location: 2F
2-2: Ball
3-2: Base on Balls
Pitching: RHP Scott Bernstein
Batting: RHB David Casas 0-0: Called Strike
0-1: Ball
1-1: Ball
2-1: Ball
3-1: Base on Balls
Xavier Davis to third
Gabriel Cruz to second
Batting: RHB Josh Kalman 0-0: Called Strike
0-1: Ball
1-1: Ball
2-1: Called Strike
2-2: Fly out, F7 (Flyball, 78M, EV 93.8 MPH)
Batting: RHB Efrain Vargas 0-0: Fly out, F9 (Flyball, 89D, EV 91.2 MPH)
Bottom of the 6th over - 0 runs, 1 hit, 0 errors, 3 left on base; Atlanta 3 - Chicago 4
TOP OF THE 7TH
Atlanta Braves batting - Pitching for Chicago Cubs : RHP Chris Perretta
Batting: RHB Cody Flowers 0-0: Swinging Strike
0-1: Ball
1-1: Ground out 6-3 (Groundball, 6, EV 85.6 MPH)
Batting: RHB Tade Post 0-0: Called Strike
0-1: Ball
1-1: Foul Ball, location: 2F
1-2: SINGLE (Line Drive, 78S, EV 102.5 MPH)
Pitching: LHP Mike Alexander
Batting: RHB Yasuhide Kasahara 0-0: Called Strike
0-1: Grounds into double play, 4-6-3 (Groundball, 4, EV 87.5 MPH)
Top of the 7th over - 0 runs, 1 hit, 0 errors, 0 left on base; Atlanta 3 - Chicago 4
BOTTOM OF THE 7TH
Chicago Cubs batting - Pitching for Atlanta Braves : RHP Scott Bernstein
Batting: LHB Kevin Norton 0-0: Foul Ball, location: 2F
0-1: DOUBLE (Line Drive, 78D, EV 109.4 MPH)
Batting: RHB Steve Bartman Jr. 0-0: Ball
1-0: Ball
2-0: Ground out 5-3 (Groundball, 5S, EV 70.6 MPH)
Kevin Norton to third
Batting: SHB Moe Lester 0-0: Intentional Walk
Batting: RHB Xavier Davis 0-0: Foul Ball, location: 2F
0-1: Called Strike
0-2: Strikes out swinging
Batting: RHB Alan Oxenrider 0-0: Swinging Strike
0-1: Foul Ball, location: 2F
0-2: DOUBLE (Line Drive, 89M, EV 114.4 MPH)
Kevin Norton scores
Moe Lester to third
Runner from 3rd tries for Home, throw by CF and OUT! 8-4-2
Bottom of the 7th over - 1 run, 2 hits, 0 errors, 1 left on base; Atlanta 3 - Chicago 5
TOP OF THE 8TH
Atlanta Braves batting - Pitching for Chicago Cubs : LHP Mike Alexander
Pinch Hitting: RHB Jared Speck 0-0: Swinging Strike
0-1: Foul Ball, location: 2F
0-2: Ball
1-2: Strikes out swinging, 2-3 out at first.
Batting: RHB Jeckel Hester 0-0: Foul Ball, location: 2F
0-1: Ball
1-1: Swinging Strike
1-2: Ball
2-2: Strikes out looking
Batting: RHB Ike Trout 0-0: Ball
1-0: DOUBLE (Flyball, 8LXD, EV 111.9 MPH)
Batting: RHB Erik Coleman 0-0: Called Strike
0-1: Ball
1-1: Fly out, F8 (Flyball, 8LM, EV 86.2 MPH)
Top of the 8th over - 0 runs, 1 hit, 0 errors, 1 left on base; Atlanta 3 - Chicago 5
BOTTOM OF THE 8TH
Chicago Cubs batting - Pitching for Atlanta Braves : RHP Scott Bernstein
Now in LF: Jared Speck
Now in RF: Evan Torraville
Batting: SHB Gabriel Cruz 0-0: Ball
1-0: SINGLE (Line Drive, 4MD, EV 96.2 MPH)
Batting: RHB David Casas 0-0: Bunted foul
0-1: Called Strike
0-2: Strikes out looking
Batting: RHB Josh Kalman 0-0: Foul Ball, location: 2F
0-1: Ball
Gabriel Cruz steals 2nd base
1-1: Foul Ball, location: 2F
1-2: Ball
2-2: Strikes out swinging
Batting: RHB Efrain Vargas 0-0: Foul Ball, location: 2F
0-1: Swinging Strike
0-2: Foul Ball, location: 2F
0-2: Ball
1-2: Foul Ball, location: 2F
1-2: Ball
2-2: Foul Ball, location: 2F
2-2: Fly out, F6 (Flyball, 56D, EV 94.4 MPH)
Bottom of the 8th over - 0 runs, 1 hit, 0 errors, 1 left on base; Atlanta 3 - Chicago 5
TOP OF THE 9TH
Atlanta Braves batting - Pitching for Chicago Cubs : LHP Mike Alexander
Pitching: LHP George Poirier
Batting: LHB Evan Torraville 0-0: Called Strike
0-1: Ground out 6-3 (Groundball, 4M, EV 101.2 MPH)
Batting: RHB Liangde Li 0-0: Called Strike
0-1: Ball
1-1: Ball
2-1: Foul Ball, location: 2F
2-2: Foul Ball, location: 2F
2-2: Foul Ball, location: 2F
2-2: Foul Ball, location: 2F
2-2: Ball
3-2: Strikes out swinging
Batting: RHB Cody Flowers 0-0: Ball
1-0: Foul Ball, location: 2F
1-1: Called Strike
1-2: Ball
2-2: Hit by Pitch
Batting: RHB Tade Post 0-0: Called Strike
0-1: Ball
1-1: SINGLE (Groundball, 34D, EV 96.9 MPH)
Cody Flowers to second
Batting: RHB Yasuhide Kasahara 0-0: Ball
1-0: Foul Ball, location: 2F
1-1: Ball
2-1: Ball
3-1: SINGLE (Groundball, 56D, EV 97.5 MPH)
Cody Flowers to third
Tade Post to second
Pitching: RHP Eric Oakes
Pinch Hitting: SHB Terry Tuckfard 0-0: Ball
1-0: Ball
2-0: Foul Ball, location: 2F
2-1: Ground out U3 (Groundball, 3, EV 80.6 MPH)
Top of the 9th over - 0 runs, 2 hits, 0 errors, 3 left on base; Atlanta 3 - Chicago 5
Tuesday, March 28th , 2023 - OOTP Baseball 23.10 Build 110